 Dungeon Crawl Stone Soup version 0.20.0-10-g0535bb4 (webtiles) character file.

367 McKennaii the Covered (level 6, -1/47 HPs)
             Began as a Demonspawn Fighter on June 6, 2017.
             Slain by synek's ghost (8 damage)
             ... on level 3 of the Dungeon.
             The game lasted 00:06:22 (2993 turns).

McKennaii the Covered (Demonspawn Fighter)          Turns: 2993, Time: 00:06:23

Health: -1/47      AC:  9    Str: 17    XL:     6   Next: 41%
Magic:  6/6        EV:  7    Int:  9    God:
Gold:   195        SH:  9    Dex: 14    Spells: 5/5 levels left

rFire    + . .     SeeInvis .   a - +0 long sword
rCold    . . .     Gourm    .   c - +0 shield
rNeg     . . .     Faith    .   b - +0 scale mail
rPois    .         Spirit   .   E - +0 helmet
rElec    .         Reflect  .   (no cloak)
rCorr    .         Harm     .   y - +0 pair of gloves
MR       .....                  (no boots)
Stlth    ..........             i - amulet of regeneration
Regen    0.6/turn               D - ring of protection from fire
MPRegen  0.1/turn               (no ring)

@: no status effects
A: hooves 2, foul stench 1, rot immunity
a: no special abilities


You were on level 3 of the Dungeon.
You were not hungry.

You visited 1 branch of the dungeon, and saw 4 of its levels.
You also visited: Sewer.

You collected 195 gold pieces.

Inventory:

Hand Weapons
 a - a +0 long sword (weapon)
Armour
 b - a +0 scale mail (worn)
 c - a +0 shield (worn)
 y - a +0 pair of gloves (worn)
 E - a +0 helmet (worn)
Jewellery
 i - an amulet of regeneration (around neck)
 D - a ring of protection from fire (left hand)
Scrolls
 e - 2 scrolls of enchant weapon {unknown}
 g - 2 scrolls of blinking {unknown}
 j - 2 scrolls of teleportation {unknown}
 k - 5 scrolls of remove curse {unknown}
 l - a scroll of identify {unknown}
 m - a scroll of enchant armour {unknown}
 o - a scroll of random uselessness {unknown}
 p - a scroll of fear {unknown}
 q - a scroll of magic mapping {unknown}
 t - 2 scrolls of recharging {unknown}
Potions
 d - 3 potions of might
 h - a potion of lignification {unknown}
 r - a potion of brilliance {unknown}
 u - 9 potions of heal wounds
 v - a potion of ambrosia {unknown}
 w - a potion of flight {unknown}
 x - 3 potions of curing {unknown}
 A - a potion of berserk rage {unknown}
 B - 6 potions of agility {unknown}
 C - a potion of haste {unknown}
Books
 s - a book of Misfortune

   Spells                             Type                      Level
   a - Confusing Touch                Hexes                        1
   b - Confuse                        Hexes                        3
   c - Gell's Gravitas                Translocation                3
   d - Petrify                        Transmutation/Earth          4
   e - Metabolic Englaciation         Hexes/Ice                    5
   f - Yara's Violent Unravelling     Hexes/Transmutation          5
Comestibles
 f - 3 bread rations
 n - 2 meat rations
 z - 4 fruits


   Skills:
 + Level 3.6 Fighting
 + Level 3.9 Long Blades
 + Level 4.2 Armour
 + Level 1.1 Dodging
 + Level 0.4 Stealth
 + Level 3.7 Shields


You had 5 spell levels left.
You didn't know any spells.

Dungeon Overview and Level Annotations

Branches:
Dungeon (4/15)             Temple (0/1) D:4

Altars:
Makhleb
Nemelex Xobeh

Annotations:
D:3 synek's ghost, amateur HOFi


Innate Abilities, Weirdness & Mutations

You have hoof-like feet.
You may emit foul miasma when damaged in melee.
You are immune to rotting.


Message History

You barely miss synek's ghost.
You kick synek's ghost, but do no damage.
Synek's ghost is lightly damaged.
Synek's ghost barely misses you.
You riposte.
You hit synek's ghost.
You kick synek's ghost, but do no damage.
Synek's ghost is lightly damaged.
You hit synek's ghost but do no damage.
Synek's ghost is lightly damaged.
Synek's ghost hits you! Synek's ghost hits you.
Your shield and scale mail prevent you from hitting synek's ghost.
Synek's ghost is lightly damaged.
Synek's ghost hits you!
You hit synek's ghost.
Synek's ghost is lightly damaged.
Synek's ghost hits you!
* * * LOW HITPOINT WARNING * * *
You don't know any spells.
You can't go up here!
Synek's ghost hits you!
You die...

#.# #..
#.### #..
#.).# #()
###
###†###..
#.. ##
#W#..<. #.#
...##.#.###
#.#
..W...#.#
#.#
........#
#@#
#.#####.#
#W# .#
#.### #.#
.# #....
#.######.#
#####
#.....W..#
########.#
.# .# .#


You could see synek's ghost.

Vanquished Creatures
  A crimson imp (D:4)
  4 hounds
  Robin (D:4)
  3 adders
  7 river rats
  2 oozes
  2 worms (D:2)
  2 dart slugs
  2 leopard geckos
  2 orcs (D:3)
  4 giant cockroaches
  12 goblins
  10 hobgoblins
  A quokka (D:2)
  8 ball pythons
  3 bats
  A frilled lizard (D:2)
  25 kobolds
  22 rats
112 creatures vanquished.

Notes
Turn   | Place    | Note
-------+----------+-------------------------------------------
     0 | D:1      | McKennaii the Demonspawn Fighter began the quest for the Orb.
     0 | D:1      | Reached XP level 1. HP: 18/18 MP: 1/1
   168 | D:1      | Gained mutation: You have large cloven feet. [demonic ancestry]
   168 | D:1      | Reached XP level 2. HP: 20/24 MP: 2/2
   275 | D:1      | Reached skill level 3 in Armour
   457 | D:2      | Gained mutation: You have hoof-like feet. [demonic ancestry]
   457 | D:2      | Reached XP level 3. HP: 29/29 MP: 3/3
   646 | D:2      | Found a sparkling altar of Nemelex Xobeh.
   718 | D:2      | Found a burning altar of Makhleb.
   947 | D:3      | Gained mutation: You are immune to rotting. [demonic ancestry]
   947 | D:3      | Reached XP level 4. HP: 27/35 MP: 4/4
   967 | D:3      | Noticed synek's ghost (amateur HOFi)
  1527 | D:4      | Found a staircase to the Ecumenical Temple.
  1662 | D:4      | Gained mutation: You may emit foul miasma when damaged in melee. [demonic ancestry]
  1662 | D:4      | Reached XP level 5. HP: 41/41 MP: 5/5
  1711 | D:4      | Found a glowing drain.
  1728 | Sewer    | Entered a sewer
  1774 | Sewer    | Reached skill level 4 in Armour
  1904 | Sewer    | Reached skill level 1 in Dodging
  2141 | Sewer    | Reached XP level 6. HP: 41/47 MP: 6/6
  2662 | D:4      | Noticed Robin
  2697 | D:4      | Killed Robin
  2993 | D:3      | Slain by synek's ghost

Skill      XL: |  1  2  3  4  5 |
---------------+----------------+-----
Shields        | 3 |  3.7
Long Blades    | 2 3 |  3.9
Armour         | 3 4 |  4.2
Dodging        | 1 |  1.1
Fighting       | |  3.6
Stealth        | |  0.4

Action                   |  1- 3 |  4- 6 || total
-------------------------+-------+-------++-------
Melee: Long sword        |   121 |   274 ||   395
       Kick              |    25 |    84 ||   109
  Eat: Chunk             |       |     8 ||     8
Armor: Scale mail        |    60 |   153 ||   213
Dodge: Dodged            |    32 |   121 ||   153
Block: Shield            |    38 |   205 ||   243
       Rpst.: Long sword |     7 |    37 ||    44
